TOP OF THE 1ST |
Fort Wayne TinCaps batting - Pitching for Great Lakes Loons : LHP Jonathan Daniels
|
Pitching: LHP Jonathan Daniels
|
|
Batting: RHB Dave McBain
|
0-0: Ball 1-0: Foul Ball, location: 2F 1-1: Ball 2-1: Bunt for hit to 15 - play at first, batter safe!
|
Batting: RHB Eric McMillian
|
0-0: Called Strike 0-1: Ball 1-1: Ball 2-1: Swinging Strike 2-2: Strikes out swinging
|
Batting: LHB Hugo MacBeth
|
0-0: Called Strike 0-1: Swinging Strike 0-2: Foul Ball, location: 2F 0-2: Ball Dave McBain is caught stealing 2nd base 2-6 1-2: Fly out, F8 (Flyball, 8LM, EV 90.6 MPH)
|
Top of the 1st over - 0 runs, 1 hit, 0 errors, 0 left on base; Fort Wayne 0 - Great Lakes 0 |
BOTTOM OF THE 1ST |
Great Lakes Loons batting - Pitching for Fort Wayne TinCaps : LHP Travis Sergo
|
Pitching: LHP Travis Sergo
|
|
Batting: RHB Luis Grajeda
|
0-0: Ball 1-0: Single, Error in OF, E7, batter to second base (Line Drive, 78S, EV 99.4 MPH)
|
Batting: RHB David Rodgers
|
0-0: Called Strike 0-1: Called Strike 0-2: Ball 1-2: Strikes out looking
|
Batting: SHB Todd Hewitt
|
0-0: Foul Ball, location: 2F 0-1: Swinging Strike 0-2: Ball 1-2: Strikes out swinging
|
Batting: RHB Blake Beale
|
0-0: Ball 1-0: Ground out 5-3 (Groundball, 56, EV 106.9 MPH)
|
Bottom of the 1st over - 0 runs, 1 hit, 1 error, 1 left on base; Fort Wayne 0 - Great Lakes 0 |
TOP OF THE 2ND |
Fort Wayne TinCaps batting - Pitching for Great Lakes Loons : LHP Jonathan Daniels
|
Batting: RHB Ryan Marler
|
0-0: Called Strike 0-1: Foul Ball, location: 2F 0-2: Strikes out swinging
|
Batting: RHB Antonio Lara
|
0-0: Ball 1-0: Called Strike 1-1: Called Strike 1-2: Ball 2-2: Ball 3-2: Strikes out swinging
|
Batting: LHB James McCauley
|
0-0: Called Strike 0-1: Foul Ball, location: 2F 0-2: Ball 1-2: Foul Ball, location: 2F 1-2: Strikes out swinging, 2-3 out at first.
|
Top of the 2nd over - 0 runs, 0 hits, 0 errors, 0 left on base; Fort Wayne 0 - Great Lakes 0 |
BOTTOM OF THE 2ND |
Great Lakes Loons batting - Pitching for Fort Wayne TinCaps : LHP Travis Sergo
|
Batting: RHB Mario Gonzales
|
0-0: Called Strike 0-1: Ball 1-1: Foul Ball, location: 2F 1-2: SINGLE (Line Drive, 56D, EV 108.1 MPH)
|
Batting: LHB Stephen Van Raalte
|
0-0: Ball 1-0: Ball 2-0: Called Strike 2-1: Foul Ball, location: 2F 2-2: Fly out, F9 (Line Drive, 9S, EV 91.9 MPH)
|
Batting: RHB Ryan Alban
|
0-0: Ball 1-0: Ball 2-0: Foul Ball, location: 2F 2-1: Ball 3-1: Swinging Strike 3-2: Strikes out swinging
|
Batting: RHB Roger Simmons
|
0-0: Called Strike 0-1: Ball 1-1: Foul Ball, location: 2F 1-2: Strikes out swinging
|
Bottom of the 2nd over - 0 runs, 1 hit, 0 errors, 1 left on base; Fort Wayne 0 - Great Lakes 0 |
TOP OF THE 3RD |
Fort Wayne TinCaps batting - Pitching for Great Lakes Loons : LHP Jonathan Daniels
|
Batting: RHB Tim Seggerman
|
0-0: Ball 1-0: Called Strike 1-1: Swinging Strike 1-2: Strikes out swinging
|
Batting: RHB Jerry Garcez
|
0-0: Called Strike 0-1: Ball 1-1: Swinging Strike 1-2: Foul Ball, location: 2F 1-2: Strikes out swinging
|
Batting: LHB Rogelio Nunez
|
0-0: Ground out 6-3 (Groundball, 6, EV 100.0 MPH)
|
Top of the 3rd over - 0 runs, 0 hits, 0 errors, 0 left on base; Fort Wayne 0 - Great Lakes 0 |
BOTTOM OF THE 3RD |
Great Lakes Loons batting - Pitching for Fort Wayne TinCaps : LHP Travis Sergo
|
Batting: RHB Roberto Monzon
|
0-0: Fly out, F3 (Line Drive, 3L, EV 67.5 MPH)
|
Batting: RHB Luis Grajeda
|
0-0: Foul Ball, location: 2F 0-1: Ball 1-1: Foul Ball, location: 2F 1-2: Ball 2-2: Strikes out swinging
|
Batting: RHB David Rodgers
|
0-0: Ball 1-0: Ball 2-0: Ball 3-0: Base on Balls
|
Batting: SHB Todd Hewitt
|
0-0: Swinging Strike 0-1: Ball 1-1: Swinging Strike 1-2: Strikes out looking
|
Bottom of the 3rd over - 0 runs, 0 hits, 0 errors, 1 left on base; Fort Wayne 0 - Great Lakes 0 |
TOP OF THE 4TH |
Fort Wayne TinCaps batting - Pitching for Great Lakes Loons : LHP Jonathan Daniels
|
Batting: RHB Dave McBain
|
0-0: Ball 1-0: Ball 2-0: Called Strike 2-1: Ball 3-1: Ground out 5-3 (Groundball, 56S, EV 87.5 MPH)
|
Batting: RHB Eric McMillian
|
0-0: Ball 1-0: Ball 2-0: Called Strike 2-1: Foul Ball, location: 2F 2-2: Ground out 6-3 (Groundball, 6M, EV 95.0 MPH)
|
Batting: LHB Hugo MacBeth
|
0-0: Ball 1-0: Ground out 5-3 (Groundball, 56S, EV 78.8 MPH)
|
Top of the 4th over - 0 runs, 0 hits, 0 errors, 0 left on base; Fort Wayne 0 - Great Lakes 0 |
BOTTOM OF THE 4TH |
Great Lakes Loons batting - Pitching for Fort Wayne TinCaps : LHP Travis Sergo
|
Batting: RHB Blake Beale
|
0-0: SINGLE (Groundball, 6S, EV 99.4 MPH)
|
Batting: RHB Mario Gonzales
|
0-0: Foul Ball, location: 2F 0-1: Fly out, F8 (Flyball, 8RD, EV 90.0 MPH)
|
Batting: LHB Stephen Van Raalte
|
0-0: Called Strike 0-1: Foul Ball, location: 2F 0-2: SINGLE (Line Drive, 34D, EV 96.9 MPH) Blake Beale to second
|
Batting: RHB Ryan Alban
|
0-0: Called Strike 0-1: Swinging Strike 0-2: Ball 1-2: Strikes out swinging
|
Batting: RHB Roger Simmons
|
0-0: Fly out, F7 (Flyball, 78XD, EV 83.1 MPH)
|
Bottom of the 4th over - 0 runs, 2 hits, 0 errors, 2 left on base; Fort Wayne 0 - Great Lakes 0 |
TOP OF THE 5TH |
Fort Wayne TinCaps batting - Pitching for Great Lakes Loons : LHP Jonathan Daniels
|
Batting: RHB Ryan Marler
|
0-0: Ball 1-0: Swinging Strike 1-1: Ball 2-1: Swinging Strike 2-2: Ball 3-2: Foul Ball, location: 2F 3-2: Strikes out swinging
|
Batting: RHB Antonio Lara
|
0-0: Called Strike 0-1: Ground out 4-3 (Groundball, 4M, EV 88.8 MPH)
|
Batting: LHB James McCauley
|
0-0: Ball 1-0: Fly out, F8 (Flyball, 8RXD, EV 93.1 MPH)
|
Top of the 5th over - 0 runs, 0 hits, 0 errors, 0 left on base; Fort Wayne 0 - Great Lakes 0 |
BOTTOM OF THE 5TH |
Great Lakes Loons batting - Pitching for Fort Wayne TinCaps : LHP Travis Sergo
|
Batting: RHB Roberto Monzon
|
0-0: Ball 1-0: Foul Ball, location: 2F 1-1: DOUBLE (Line Drive, 9LS, EV 108.1 MPH)
|
Batting: RHB Luis Grajeda
|
0-0: Ball 1-0: Ball 2-0: Reached via error on a dropped throw from 3B, E3 (Groundball, 56S, EV 68.1 MPH) Roberto Monzon to third
|
Batting: RHB David Rodgers
|
0-0: Ball 1-0: Called Strike Luis Grajeda steals 2nd base 1-1: Fly out, F7 (Line Drive, 7S, EV 86.9 MPH)
|
Batting: SHB Todd Hewitt
|
0-0: Foul Ball, location: 2F 0-1: Foul Ball, location: 2F 0-2: Strikes out swinging
|
Batting: RHB Blake Beale
|
0-0: Ground out 6-3 (Groundball, 6, EV 88.1 MPH)
|
Bottom of the 5th over - 0 runs, 1 hit, 1 error, 2 left on base; Fort Wayne 0 - Great Lakes 0 |
TOP OF THE 6TH |
Fort Wayne TinCaps batting - Pitching for Great Lakes Loons : LHP Jonathan Daniels
|
Batting: RHB Tim Seggerman
|
0-0: Called Strike 0-1: Ball 1-1: Foul Ball, location: 2F 1-2: Foul Ball, location: 2F 1-2: Foul Ball, location: 2F 1-2: Ball 2-2: Foul Ball, location: 2F 2-2: Ground out 5-3 (Groundball, 56, EV 115.0 MPH)
|
Batting: RHB Jerry Garcez
|
0-0: Ball 1-0: Ground out U3 (Groundball, 3L, EV 101.9 MPH)
|
Batting: LHB Rogelio Nunez
|
0-0: Called Strike 0-1: Ball 1-1: Ball 2-1: Foul Ball, location: 2F 2-2: Ball 3-2: Ground out 4-3 (Groundball, 4, EV 86.9 MPH)
|
Top of the 6th over - 0 runs, 0 hits, 0 errors, 0 left on base; Fort Wayne 0 - Great Lakes 0 |
BOTTOM OF THE 6TH |
Great Lakes Loons batting - Pitching for Fort Wayne TinCaps : LHP Travis Sergo
|
Batting: RHB Mario Gonzales
|
0-0: Ball 1-0: Called Strike 1-1: Hit by Pitch
|
Batting: LHB Stephen Van Raalte
|
0-0: Swinging Strike 0-1: Ball 1-1: Ball 2-1: Foul Ball, location: 2F 2-2: Strikes out swinging
|
Batting: RHB Ryan Alban
|
0-0: Ball 1-0: Foul Ball, location: 2F 1-1: Swinging Strike 1-2: Strikes out looking
|
Batting: RHB Roger Simmons
|
0-0: SINGLE (Groundball, 6MD, EV 96.9 MPH) Mario Gonzales to second
|
Batting: RHB Roberto Monzon
|
0-0: Foul Ball, location: 2F 0-1: Ball 1-1: Foul Ball, location: 2F 1-2: Foul Ball, location: 2F 1-2: Foul Ball, location: 2F 1-2: Strikes out looking
|
Bottom of the 6th over - 0 runs, 1 hit, 0 errors, 2 left on base; Fort Wayne 0 - Great Lakes 0 |
TOP OF THE 7TH |
Fort Wayne TinCaps batting - Pitching for Great Lakes Loons : LHP Jonathan Daniels
|
Batting: RHB Dave McBain
|
0-0: Ball 1-0: Called Strike 1-1: Ground out 6-3 (Groundball, 56, EV 85.0 MPH)
|
Batting: RHB Eric McMillian
|
0-0: Called Strike 0-1: Fly out, F6 (Popup, 15, EV 84.4 MPH)
|
Batting: LHB Hugo MacBeth
|
0-0: Swinging Strike 0-1: Ball 1-1: Ball 2-1: Called Strike 2-2: Ball 3-2: Strikes out swinging
|
Top of the 7th over - 0 runs, 0 hits, 0 errors, 0 left on base; Fort Wayne 0 - Great Lakes 0 |
BOTTOM OF THE 7TH |
Great Lakes Loons batting - Pitching for Fort Wayne TinCaps : LHP Travis Sergo
|
Pitching: RHP Chris Leavitt
|
|
Batting: RHB Luis Grajeda
|
0-0: Ball 1-0: Called Strike 1-1: Foul Ball, location: 2F 1-2: Ball 2-2: Ball 3-2: Ground out 5-3 (Groundball, 56S, EV 70.6 MPH)
|
Batting: RHB David Rodgers
|
0-0: Ball 1-0: Ball 2-0: Ball 3-0: Base on Balls
|
Batting: SHB Todd Hewitt
|
0-0: Foul Ball, location: 2F 0-1: Foul Ball, location: 2F 0-2: Foul Ball, location: 2F 0-2: Ball Pickoff Throw to First - Out! 1-3 1-2: Strikes out swinging
|
Bottom of the 7th over - 0 runs, 0 hits, 0 errors, 0 left on base; Fort Wayne 0 - Great Lakes 0 |
TOP OF THE 8TH |
Fort Wayne TinCaps batting - Pitching for Great Lakes Loons : LHP Jonathan Daniels
|
Batting: RHB Ryan Marler
|
0-0: Fly out, F9 (Flyball, 89S, EV 81.2 MPH)
|
Batting: RHB Antonio Lara
|
0-0: Ball 1-0: Swinging Strike 1-1: Foul Ball, location: 2F 1-2: Strikes out swinging
|
Batting: LHB James McCauley
|
0-0: DOUBLE (Line Drive, 9LM, EV 100.6 MPH)
|
Batting: RHB Tim Seggerman
|
0-0: Intentional Walk
|
Batting: RHB Jerry Garcez
|
0-0: Swinging Strike 0-1: Foul Ball, location: 2F 0-2: Foul Ball, location: 2F 0-2: Ground out 4-3 (Groundball, 4M, EV 106.2 MPH)
|
Top of the 8th over - 0 runs, 1 hit, 0 errors, 2 left on base; Fort Wayne 0 - Great Lakes 0 |
BOTTOM OF THE 8TH |
Great Lakes Loons batting - Pitching for Fort Wayne TinCaps : RHP Chris Leavitt
|
Pinch Hitting: LHB Kevin Wiebe
|
0-0: Swinging Strike 0-1: Called Strike 0-2: Ball 1-2: Foul Ball, location: 2F 1-2: Ball 2-2: Strikes out looking
|
Batting: RHB Mario Gonzales
|
0-0: Ball 1-0: Called Strike 1-1: Hit by Pitch
|
Pitching: RHP Dave Waterman
|
|
Batting: LHB Stephen Van Raalte
|
0-0: Called Strike 0-1: Called Strike 0-2: Foul Ball, location: 2F 0-2: Ball 1-2: Ball 2-2: Strikes out swinging
|
Pinch Hitting: LHB Antonio Fierros
|
0-0: Ground out 6-3 (Groundball, 6MS, EV 91.9 MPH)
|
Bottom of the 8th over - 0 runs, 0 hits, 0 errors, 1 left on base; Fort Wayne 0 - Great Lakes 0 |
TOP OF THE 9TH |
Fort Wayne TinCaps batting - Pitching for Great Lakes Loons : LHP Jonathan Daniels
|
Now in LF: Rich Rubio
|
|
Now in RF: Enrique Andrade
|
|
Pinch Hitting: SHB Blake Abbott
|
0-0: Foul Ball, location: 2F 0-1: SOLO HOME RUN (Flyball, 7D, EV 99.4 MPH), Distance : 379 ft
|
Batting: RHB Dave McBain
|
0-0: Ball 1-0: Ball 2-0: Foul Ball, location: 2F 2-1: Foul Ball, location: 2F 2-2: Reached on error, E5 (Groundball, 56S, EV 72.5 MPH)
|
Batting: RHB Eric McMillian
|
0-0: Ball Dave McBain is caught stealing 2nd base 2-4 1-0: Ball 2-0: Called Strike 2-1: Foul Ball, location: 2F 2-2: Strikes out swinging
|
Batting: LHB Hugo MacBeth
|
0-0: Ball 1-0: SINGLE (Groundball, 34D, EV 98.1 MPH)
|
Pitching: RHP Adam Bucci
|
|
Batting: RHB Ryan Marler
|
0-0: Called Strike 0-1: Ball Wild Pitch! Hugo MacBeth to second 1-1: Called Strike 1-2: Ball 2-2: 2-RUN HOME RUN (Line Drive, 7D, EV 101.9 MPH), Distance : 373 ft
|
Batting: RHB Antonio Lara
|
0-0: Ball 1-0: Called Strike 1-1: Ball 2-1: Foul Ball, location: 2F 2-2: Foul Ball, location: 2F 2-2: Ground out 5-3 (Groundball, 56, EV 86.9 MPH)
|
Top of the 9th over - 3 runs, 3 hits, 1 error, 0 left on base; Fort Wayne 3 - Great Lakes 0 |
BOTTOM OF THE 9TH |
Great Lakes Loons batting - Pitching for Fort Wayne TinCaps : RHP Dave Waterman
|
Pitching: RHP Eddie Starks
|
|
Now at 1B: Tim Seggerman
|
|
Now at 2B: Brett Steele
|
|
Now at 3B: Rich Justice
|
|
Now in RF: Tony Contreras
|
|
Batting: RHB Roger Simmons
|
0-0: Swinging Strike 0-1: Swinging Strike 0-2: Fly out, F7 (Flyball, 7, EV 95.0 MPH)
|
Pinch Hitting: LHB Jesus Ramirez
|
0-0: Ball 1-0: Ball 2-0: Called Strike 2-1: Swinging Strike 2-2: Foul Ball, location: 2F 2-2: Strikes out swinging
|
Batting: RHB Luis Grajeda
|
0-0: Ball 1-0: Ball 2-0: Called Strike 2-1: Ball 3-1: Fly out, F3 (Popup, 3, EV 58.8 MPH)
|
Bottom of the 9th over - 0 runs, 0 hits, 0 errors, 0 left on base; Fort Wayne 3 - Great Lakes 0 |
|